 Dungeon Crawl Stone Soup version 0.31.0-1-g2c135a0 (webtiles) character file.

Game seed: 15097174472892456108

2698445 Vixxxy the Slayer (level 27, 268/268 HPs)
             Began as a Minotaur Fighter on Feb 2, 2024.
             Was the Champion of Qazlal.
             Escaped with the Orb
             ... and 5 runes
             ... and 1 gem on Feb 3, 2024!
             The game lasted 04:47:43 (95047 turns).

Vixxxy the Slayer (Minotaur Fighter)               Turns: 95047, Time: 04:47:44

Health: 268/268    AC: 50    Str: 30    XL:     27
Magic:  36/36      EV: 20    Int: 14    God:    Qazlal [******]
Gold:   10616      SH: 40    Dex: 23    Spells: 26/26 levels left

rFire   + + +        a - +11 war axe "Death Rattle" {pain, rN+ Dex+3}
rCold   + . .        O - +6 tower shield {rN+}
rNeg    + + +        l - +0 crystal plate armour "Buck" {-Cast rF+ rN++}
rPois   +            p - +2 hood of the Assassin {Detect Stab+ Stlth++}
rElec   +            e - +4 dragonskin cloak
rCorr   +            E - +3 pair of gauntlets of War {Slay+5}
SInv    +            J - +3 pair of mountain boots {steadfast, rC+}
Will    ++++.        K - amulet "Cuesomp" {RegenMP ^Drain Will++ Dex+3 SInv} Stlth
                     g - ring of Asuhi {rElec rPois rF+ rCorr}
HPRegen 0.64/turn    N - ring of Finality {rF+ Str+5 Int+6}
MPRegen 0.65/turn

%: no spellcasting, repel missiles, clarity
@: studying 2 skills
A: horns 2, retaliatory headbutt, iridescent scales 1, agile 1, clarity, weak 1,
subdued magic 1
0: Orb of Zot
}: 5/15 runes: serpentine, barnacled, slimy, silver, abyssal
a: Renounce Religion, Upheaval, Elemental Force, Disaster Area


You escaped.
You worshipped Qazlal.
Qazlal was exalted by your worship.
You visited 12 branches of the dungeon, and saw 56 of its levels.
You visited the Abyss 1 time.
You visited 1 ziggurat, and saw 8 of its levels.
You also visited: Sewer, Bailey, Gauntlet, Ice Cave and Wizlab.

You collected 12364 gold pieces.
You spent 1748 gold pieces at shops.

Inventory:

Hand Weapons
 a - the +11 war axe "Death Rattle" (weapon) {pain, rN+ Dex+3}
   (You found it on level 2 of the Dungeon)

   Dex+3:     It affects your dexterity (+3).
   rN+:       It protects you from negative energy.
 b - a +9 hand cannon of flaming
 R - the +11 orcbow of the Enchanted Forest {freeze, *Corrode rC+ rN++ Dex+2}
   (You took it off a minotaur in a Gauntlet)

   Dex+2:     It affects your dexterity (+2).
   rC+:       It protects you from cold.
   rN++:      It greatly protects you from negative energy.
   *Corrode:  It may corrode you when you take damage.
Missiles
 F - 2 throwing nets (quivered)
 X - 22 silver javelins
Armour
 e - the +4 dragonskin cloak (worn)
   (You took it off Tiamat on level 3 of the Realm of Zot)

   Avatar's Aegis: It grants the wearer a chance to resist fire, cold, poison,
   electricity, acid, and negative energy.
 h - the +4 crystal plate armour of Quiescent Curiosity {+Blink}
   (You found it on level 5 of the Vaults)

   +Blink:    It lets you blink.
 l - the +0 crystal plate armour "Buck" (worn) {-Cast rF+ rN++}
   (You found it on level 5 of the Vaults)

   rF+:       It protects you from fire.
   rN++:      It greatly protects you from negative energy.
   -Cast:     It prevents spellcasting.
 p - the +2 hood of the Assassin (worn) {Detect Stab+ Stlth++}
   (You found it on level 1 of the Depths)

   Detect:    It allows the wearer to sense nearby creatures.
   Stab+:     It allows the wearer to make particularly effective stabbing
   attacks against helpless or unaware enemies with any weapon.
   Stlth++:   It makes you much more stealthy.
 u - +7 gold dragon scales
 E - the +3 pair of gauntlets of War (worn) {Slay+5}
   (You found it on level 13 of the Dungeon)

   Slay+5:    It affects your accuracy & damage with ranged weapons and melee
   (+5).
 J - the +3 pair of mountain boots (worn) {steadfast, rC+}
   (You found it in a Gauntlet)

   Steadfast: It prevents involuntary movement, except for blinking,
   teleportation, or banishment.
   rC+:       It protects you from cold.
 O - a +6 tower shield of positive energy (worn)
Jewellery
 c - the ring of Gumediwk {Fire +Blink}
   (You bought it in a shop on level 6 of the Dungeon)

   [ring of fire]

   Fire:      It enhances your fire magic.
   rF+:       It protects you from fire.
   rC-:       It makes you vulnerable to cold.
   +Blink:    It lets you blink.
 g - the ring of Asuhi (left hand) {rElec rPois rF+ rCorr}
   (You took it off a spriggan berserker on level 3 of the Depths)

   [ring of resist corrosion]

   rF+:       It protects you from fire.
   rElec:     It insulates you from electricity.
   rPois:     It protects you from poison rCorr: It protects you from acid and
   corrosion.
 j - the ring "Dyqimah" {Fly rElec rF+ Stlth-}
   (You found it in a wizard's laboratory)

   [ring of flight]

   rF+:       It protects you from fire.
   rElec:     It insulates you from electricity.
   Fly:       It grants you flight.
   Stlth-:    It makes you less stealthy.
 k - the ring of Owka {Ice rPois Str+3}
   (You took it off Josephina on level 1 of the Realm of Zot)

   [ring of ice]

   Ice:       It enhances your ice magic.
   Str+3:     It affects your strength (+3).
   rF-:       It makes you vulnerable to fire.
   rC+:       It protects you from cold.
   rPois:     It protects you from poison
 n - the ring of the Bellicose God {rF+ rN+ Will+ Str-5 Dex+2}
   (You found it on level 3 of the Depths)

   [ring of positive energy]

   Str-5:     It affects your strength (-5).
   Dex+2:     It affects your dexterity (+2).
   rF+:       It protects you from fire.
   rN+:       It protects you from negative energy.
   Will+:     It increases your willpower.
 D - the ring of Stoicism {Fly Str+6}
   (You took it off an ironbound convoker on level 5 of the Vaults)

   [ring of flight]

   Str+6:     It affects your strength (+6).
   Fly:       It grants you flight.
 H - the ring of Relativism {rC+ SInv}
   (You took it off a fire giant on level 2 of the Depths)

   [ring of see invisible]

   rC+:       It protects you from cold.
   SInv:      It lets you see invisible.
 I - a +6 ring of dexterity
 K - the amulet "Cuesomp" (around neck) {RegenMP ^Drain Will++ Dex+3 SInv}
   (You found it in a Gauntlet)

   [amulet of magic regeneration]

   RegenMP:   It increases your rate of magic regeneration.
   Dex+3:     It affects your dexterity (+3).
   Will++:    It greatly increases your willpower.
   SInv:      It lets you see invisible.
   ^Drain:    It drains your maximum health when unequipped.
 N - the ring of Finality (right hand) {rF+ Str+5 Int+6}
   (You took it off an orc priest on level 5 of the Vaults)

   [ring of intelligence]

   Str+5:     It affects your strength (+5).
   Int+6:     It affects your intelligence (+6).
   rF+:       It protects you from fire.
 P - the ring of Zaynoh {rElec rCorr Int+4}
   (You found it on level 5 of the Pits of Slime)

   [ring of resist corrosion]

   Int+4:     It affects your intelligence (+4).
   rElec:     It insulates you from electricity.
   rCorr:     It protects you from acid and corrosion.
 V - the ring of Goada {Fly rPois rF- Int+6}
   (You took it off a merfolk siren on level 4 of the Shoals)

   [ring of poison resistance]

   Int+6:     It affects your intelligence (+6).
   rF-:       It makes you vulnerable to fire.
   rPois:     It protects you from poison Fly: It grants you flight.
Wands
 x - a wand of light (8)
 Q - a wand of digging (13)
 S - a wand of charming (38)
 U - a wand of mindburst (14)
 Z - a wand of roots (83)
Scrolls
 m - 10 scrolls of fog
 o - 18 scrolls of teleportation
 q - 15 scrolls of poison
 t - 4 scrolls of silence
 y - 5 scrolls of immolation
 C - 11 scrolls of fear
 G - 9 scrolls of revelation
 T - 16 scrolls of blinking
Potions
 d - 10 potions of might
 f - 2 potions of cancellation
 r - 7 potions of haste
 s - 3 potions of ambrosia
 v - 24 potions of curing
 w - a potion of invisibility
 z - 4 potions of brilliance
 A - 4 potions of heal wounds
 B - 4 potions of resistance
 L - 4 potions of berserk rage
 M - 11 potions of mutation
Miscellaneous
 i - a lightning rod (4/4)
 W - a sack of spiders
 Y - a phantom mirror


   Skills:
 * Level 25.8 Fighting
 * Level 25.5 Axes
 + Level 16.6 Ranged Weapons
 * Level 25.4 Armour
 + Level 19.6 Dodging
 * Level 23.7 Shields
 * Level 21.3 Invocations
 * Level 18.4 Evocations


You had 26 spell levels left.
You didn't know any spells.
Your spell library contained the following spells:

 Spells                   Type           Power      Damage    Failure   Level
 Apportation              Tloc           0%         N/A       89%         1
 Foxfire                  Conj/Fire      0%         2x1d4     89%         1
 Freeze                   Ice            0%         1d3       89%         1
 Kiss of Death            Conj/Necr      0%         2d5       89%         1
 Magic Dart               Conj           0%         1d3       89%         1
 Necrotise                Necr           0%         1d4       89%         1
 Sandblast                Erth           0%         2d4       89%         1
 Shock                    Conj/Air       0%         1d3       89%         1
 Slow                     Hex            0%         N/A       89%         1
 Sting                    Conj/Alch      0%         1d3       89%         1
 Summon Small Mammal      Summ           0%         N/A       89%         1
 Blink                    Tloc           0%         N/A       96%         2
 Call Imp                 Summ           0%         N/A       96%         2
 Ensorcelled Hibernation  Hex/Ice        0%         N/A       96%         2
 Jinxbite                 Hex            0%         N/A       96%         2
 Lesser Beckoning         Tloc           0%         N/A       96%         2
 Mercury Vapours          Alch/Air       0%         N/A       96%         2
 Momentum Strike          Conj/Tloc      0%         3d8       96%         2
 Scorch                   Fire           0%         2d5       96%         2
 Sublimation of Blood     Necr           0%         N/A       96%         2
 Call Canine Familiar     Summ           0%         N/A       99%         3
 Confusing Touch          Hex            0%         N/A       99%         3
 Dazzling Flash           Conj/Hex       0%         N/A       99%         3
 Frozen Ramparts          Ice            0%         1d1       99%         3
 Fugue of the Fallen      Necr           0%         N/A       99%         3
 Gell's Gravitas          Tloc           0%         N/A       99%         3
 Hailstorm                Conj/Ice       0%         3d5       99%         3
 Inner Flame              Hex/Fire       0%         N/A       99%         3
 Mephitic Cloud           Conj/Alch/Air  0%         N/A       99%         3
 Ozocubu's Armour         Ice            0%         N/A       99%         3
 Sigil of Binding         Hex            0%         N/A       99%         3
 Stone Arrow              Conj/Erth      0%         3d7       99%         3
 Summon Ice Beast         Ice/Summ       0%         N/A       99%         3
 Swiftness                Air            0%         N/A       99%         3
 Teleport Other           Tloc           0%         N/A       99%         3
 Vampiric Draining        Necr           0%         2d6       99%         3
 Volatile Blastmotes      Fire/Tloc      0%         2d10      99%         3
 Airstrike                Air            0%         2d(0-16)  100%        4
 Anguish                  Hex/Necr       0%         N/A       100%        4
 Animate Armour           Summ/Erth      0%         N/A       100%        4
 Animate Dead             Necr           0%         N/A       100%        4
 Brom's Barrelling Bould  Conj/Erth      0%         2d3       100%        4
 Cause Fear               Hex            0%         N/A       100%        4
 Dimensional Bullseye     Hex/Tloc       0%         N/A       100%        4
 Dispel Undead            Necr           0%         3d6       100%        4
 Flame Wave               Conj/Fire      0%         2d4       100%        4
 Fulminant Prism          Conj/Alch      0%         3d5       100%        4
 Ignite Poison            Fire/Alch      0%         N/A       100%        4
 Leda's Liquefaction      Alch/Erth      0%         N/A       100%        4
 Manifold Assault         Tloc           0%         N/A       100%        4
 Martyr's Knell           Necr/Summ      0%         N/A       100%        4
 Olgreb's Toxic Radiance  Alch           0%         N/A       100%        4
 Passage of Golubria      Tloc           0%         N/A       100%        4
 Petrify                  Alch/Erth      0%         N/A       100%        4
 Sticky Flame             Fire/Alch      0%         2d4       100%        4
 Summon Blazeheart Golem  Fire/Summ      0%         N/A       100%        4
 Summon Lightning Spire   Summ/Air       0%         N/A       100%        4
 Vhi's Electric Charge    Tloc/Air       0%         N/A       100%        4
 Alistair's Intoxication  Alch           0%         N/A       100%        5
 Arcjolt                  Conj/Air       0%         1d10      100%        5
 Borgnjor's Vile Clutch   Necr/Erth      0%         N/A       100%        5
 Fireball                 Conj/Fire      0%         3d3       100%        5
 Freezing Cloud           Conj/Ice/Air   0%         6-21      100%        5
 Irradiate                Conj/Alch      0%         3d11      100%        5
 Iskenderun's Battlesphe  Conj           0%         2d6       100%        5
 Lee's Rapid Deconstruct  Erth           0%         3d4*      100%        5
 Metabolic Englaciation   Hex/Ice        0%         N/A       100%        5
 Silence                  Hex/Air        0%         N/A       100%        5
 Summon Forest            Summ/Tloc      0%         N/A       100%        5
 Summon Mana Viper        Hex/Summ       0%         N/A       100%        5
 Yara's Violent Unravell  Hex/Alch       0%         3d3       100%        5
 Bombard                  Conj/Erth      0%         9d1       100%        6
 Conjure Ball Lightning   Conj/Air       0%         3x3d6     100%        6
 Death Channel            Necr           0%         N/A       100%        6
 Dispersal                Tloc           0%         N/A       100%        6
 Eringya's Noxious Bog    Alch           0%         4d6       100%        6
 Plasma Beam              Fire/Air       0%         2x1d10    100%        6
 Sculpt Simulacrum        Ice/Alch       0%         N/A       100%        6
 Starburst                Conj/Fire      0%         6d3       100%        6
 Enfeeble                 Hex            0%         N/A       100%        7
 Haunt                    Necr/Summ      0%         N/A       100%        7
 Malign Gateway           Summ/Tloc      0%         N/A       100%        7
 Monstrous Menagerie      Summ           0%         N/A       100%        7
 Orb of Destruction       Conj           0%         9d5       100%        7
 Ozocubu's Refrigeration  Ice            0%         4d7       100%        7
 Summon Hydra             Summ           0%         N/A       100%        7
 Borgnjor's Revivificati  Necr           0%         N/A       100%        8
 Discord                  Hex            0%         N/A       100%        8
 Disjunction              Tloc           0%         N/A       100%        8
 Ignition                 Fire           0%         3d3       100%        8
 Infestation              Necr           0%         N/A       100%        8
 Lehudib's Crystal Spear  Conj/Erth      0%         10d2      100%        8
 Maxwell's Capacitive Co  Air            0%         ∞         100%        8
 Summon Horrible Things   Summ           0%         N/A       100%        8
 Death's Door             Necr           0%         N/A       100%        9
 Dragon's Call            Summ           0%         N/A       100%        9
 Polar Vortex             Ice            0%         N/A       100%        9


Dungeon Overview and Level Annotations

Branches:
Dungeon (15/15)            Temple (1/1) D:6            Lair (5/5) D:8
 Shoals (4/4) Lair:2        Snake (4/4) Lair:2        Slime (5/5) Lair:5
    Orc (2/2) D:9             Elf (3/3) Orc:2        Vaults (5/5) D:13
  Crypt (3/3) Vaults:3       Tomb (0/3) Crypt:3      Depths (4/4) D:15
    Zot (5/5) Depths:4      Sewer (visited)          Bailey (visited)
  IceCv (visited)          WizLab (visited)         Gauntlet (visited)

Altars:
Ashenzari
Cheibriados
Dithmenos
Elyvilon
Fedhas
Gozag
Hepliaklqana
Kikubaaqudgha
Makhleb
Nemelex Xobeh
Okawaru
Qazlal
Ru
Sif Muna
Trog
Uskayaw
Vehumet
Wu Jian
Xom
Yredelemnul
Zin
The Shining One
Jiyva
Lugonu

Shops:
D:2 ?   D:5 (   D:6 *   D:8 (   D:15 *   Orc:1 (   Orc:2 **(:(   Shoals:4 :
Snake:2 !*=   Snake:4 =[   Vaults:2 (   Vaults:3 [

Portals:
Hell: Depths:1 Depths:2 Depths:3 Depths:4
Abyss: Depths:1 Depths:3 Depths:4
Pandemonium: Orc:2 Depths:2 Depths:3
Trove: D:15 (give +5 demon whip)


Innate Abilities, Weirdness & Mutations

You have a pair of horns on your head.
You reflexively headbutt those who attack you in melee.
You are partially covered in iridescent scales. (AC +2)
You are agile. (Dex +4, Str/Int -1)
You possess an exceptional clarity of mind.
You are weak. (Str -2)
Your spells are a little easier to cast, but a little less powerful.


Message History

You block the ynoxinul's attack. You block the ynoxinul's attack.
There is a stone staircase leading up here.
You climb upwards.
There is a stone staircase leading down here.
What level of the Dungeon? (default 1, ? - help)
There is a stone staircase leading up here.
You climb upwards.
There is a stone staircase leading down here.
There is an entrance to Acekk's Assorted Antiques here.
There is a stone staircase leading up here.
You climb upwards.
There is a stone staircase leading down here.
You sense a monster nearby.
What level of the Dungeon? (default 1, ? - help)
You hear a screech!
A rust devil comes into view.
You see here 6 stones.
There is a stone staircase leading up here.
You climb upwards.
There is a stone staircase leading down here.
What level of the Dungeon? (default 1, ? - help)
There is an open door here.
There is a stone staircase leading up here.
You climb upwards.
HP restored.
There is a stone staircase leading down here.
You see here a +0 sling.
There is a stone staircase leading up here.
You climb upwards.
There is a stone staircase leading down here.
There is a stone staircase leading up here.
You climb upwards.
There is a stone staircase leading down here.
Okay, then.
You see here a +0 long sword.
You see here a +0 club.
Things that are here:
4 stones; a +0 club
There is a staircase leading out of the dungeon here.
You have escaped!

#......##.# #.#
#.#######.# #.# #.# #.#
#.# #.# #.# #.# #.#
#.######.## ## #.#
#.........# .# ##.#
#.........# .# #..#
##..○○.....# .# #.##
##☼.@.......######### .#
#.# #...§§.8...........).
.# #.#
#.#...§.♣....######## .##
##.######.#.........##
..###.........#.........#
...##..########.........#
.......## ###########
...###..# ..## ##.#


There were no monsters in sight!

Vanquished Creatures
  the Royal Jelly (Slime:5)
  4 dread liches
  3 orbs of fire
  7 ancient liches
  3 juggernauts
  Xtahua (Vaults:2)
  Josephina (Zot:1)
  4 Killer Klowns
  Bai Suzhen (Shoals:4)
  Sojobo (Vaults:1)
  Parghit (Zot:1)
  Saint Roka (Depths:1)
  3 curse toes
  5 caustic shrikes (Depths:3)
  Nikola (Shoals:3)
  10 golden dragons
  A profane servitor (Crypt:3)
  A mutant beast (WizLab)
  2 bone dragons
  Norris (Depths:3)
  Zenata (Vaults:1)
  3 doom hounds (Crypt:2)
  A Tzitzimitl (Depths:1)
  6 tentacled monstrosities
  5 electric golems
  30 Orb Guardians
  10 liches
  A Hell Sentinel (D:13)
  Grunn (Crypt:2)
  5 titans
  3 deep elf master archers (Elf:3)
  3 deep elf blademasters
  4 quicksilver dragons
  An ancient champion (Crypt:3)
  9 death cobs
  3 krakens
  12 shadow dragons
  15 acid blobs
  3 sphinxes
  Kirke (Elf:1)
  15 storm dragons
  A fenstrider witch (Zig:4)
  A revenant (Crypt:3)
  6 nagarajas
  7 fire giants
  11 azure jellies
  6 tengu reavers
  13 draconian knights
  2 protean progenitors
  A daeva (Depths:1)
  13 frost giants
  16 rockslimes
  Ilsuiw (Shoals:3)
  A caustic shrike zombie (Crypt:1)
  5 draconian scorchers
  9 draconian shifters
  9 deep elf sorcerers
  2 draconian monks
  4 iron dragons
  A ghost moth (Zot:5)
  13 vault wardens
  6 draconian annihilators
  2 reapers
  4 ghouls
  11 ironbound preservers
  A cacodemon (D:12)
  2 curse skulls (Crypt:1)
  A formless jellyfish (shapeshifter) (Zig:7)
  5 deep elf elementalists (Elf:3)
  11 very ugly things
  An angel (Depths:1)
  2 draconian stormcallers
  5 quicksilver oozes
  5 ironbound thunderhulks
  An orc warlord (Vaults:3)
  15 stone giants
  A spriggan defender (Depths:2)
  10 formless jellyfish
  16 vampire knights
  4 deep elf demonologists
  A bunyip (Zig:4)
  Nessos (D:15)
  12 green draconians
  11 black draconians
  The ghost of runemage the Blocker, a journeyman GnFi of Ashenzari (Lair:4)
  9 purple draconians
  9 deep elf annihilators
  6 deep elf death magi
  4 dire elephants (Vaults:4)
  13 white draconians
  A minotaur (Gauntlet)
  19 red draconians
  2 war gargoyles (Vaults:4)
  7 eidola
  18 ettins
  7 yellow draconians
  3 spark wasps (Depths:1)
  The ghost of Sadonosm the Carver, a journeyman DgSk (Lair:3)
  A blizzard demon (Depths:3)
  6 merfolk javelineers (Shoals:4)
  A crystal guardian (Vaults:4)
  7 fire dragons
  16 yaktaur captains
  13 merfolk impalers
  2 mummy priests
  7 deep elf high priests
  24 jiangshi
  7 rakshasas
  2 spriggan zombies
  33 vault guards
  11 hydras
  Fannar (Lair:1)
  10 great orbs of eyes
  6 ice dragons
  2 catoblepae
  4 spriggan air magi
  3 demonspawn (Orc:2)
  2 peacekeepers
  An entropy weaver (Vaults:1)
  6 merfolk aquamancers
  6 salamander tyrants
  3 hell beasts
  6 merfolk avatars
  An alligator (Lair:3)
  5 boulder beetles
  An alligator snapping turtle (Shoals:2)
  9 ironbound frosthearts
  6 ogre magi
  7 centaur warriors
  2 satyrs
  16 anacondas
  24 two-headed ogres
  4 death knights
  4 radroaches (WizLab)
  14 death yaks
  14 naga warriors
  4 tengu warriors
  2 two-headed ogres (shapeshifter)
  4 deep troll shamans
  3 occultists
  11 deep troll earth magi
  8 orc high priests
  10 spriggan berserkers
  27 dancing weapons
  9 hell knights
  2 hell hogs (Depths:2)
  7 vampire magi
  8 shock serpents
  3 soul eaters
  2 sun demons
  11 naga sharpshooters
  35 skeletal warriors
  13 deep elf knights
  A storm dragon zombie (D:15)
  2 skysharks (shapeshifter)
  7 iron trolls
  9 shadow wraiths
  A spark wasp zombie (D:15)
  9 skysharks
  A fire crab (shapeshifter) (Zig:7)
  7 flayed ghosts
  7 salamander mystics
  2 sea snakes (shapeshifter)
  A quicksilver dragon simulacrum (Zot:1)
  2 deep trolls (shapeshifter) (WizLab)
  36 deep trolls
  11 large abominations
  13 naga ritualists
  16 mana vipers
  3 bog bodies (Crypt:1)
  An orb spider (shapeshifter) (WizLab)
  3 glowing orange brains
  22 phantasmal warriors
  9 deep elf archers
  A bunyip skeleton (Crypt:3)
  8 arcanists
  5 shadow demons
  A shadow dragon zombie (Crypt:1)
  A swamp dragon (shapeshifter) (WizLab)
  17 ironbound convokers
  Pikel (D:9)
  7 lindwurms
  19 sea snakes
  10 necromancers
  28 harpies
  A steelbarb worm (shapeshifter) (WizLab)
  15 deep elf zephyrmancers
  2 harpies (shapeshifter) (Elf:1)
  18 deep elf pyromancers
  An iron dragon zombie (Crypt:2)
  9 orc knights
  13 manticores
  8 orc sorcerers
  27 moths of wrath
  9 fauns
  23 salamanders
  2 cyclopes
  4 manticores (shapeshifter) (WizLab)
  A shining eye (shapeshifter) (Vaults:5)
  34 ugly things
  12 shining eyes
  6 meliai
  An apocalypse crab (Zig:7)
  9 elephants (Lair:5)
  A meliai (shapeshifter) (Elf:1)
  A fire giant skeleton (Vaults:1)
  47 black mambas
  A frost giant skeleton (Vaults:1)
  3 water nymphs (Shoals:4)
  2 kobold blastminers (Orc:2)
  A smoke demon (Orc:2)
  2 ice statues (IceCv)
  13 merfolk sirens
  Maggie (D:6)
  20 naga magi
  18 vault sentinels
  A formless jellyfish zombie (Crypt:2)
  A torpor snail (Lair:4)
  An elf zombie (Vaults:1)
  A storm dragon simulacrum (Zot:1)
  24 cane toads
  4 eyes of devastation
  A black draconian zombie (Crypt:1)
  An orange demon (D:12)
  A hellion (Zot:1)
  2 gargoyles
  3 unseen horrors (Depths:3)
  4 guardian serpents (Zot:3)
  2 torpor snails (shapeshifter)
  An alligator snapping turtle zombie (Crypt:2)
  A death yak zombie (Crypt:1)
  A purple draconian zombie (Crypt:2)
  Joseph (D:9)
  6 komodo dragons
  A cane toad (shapeshifter) (WizLab)
  9 rime drakes
  2 rime drakes (shapeshifter) (Elf:1)
  A komodo dragon (shapeshifter) (Elf:1)
  2 kobold demonologists
  A redback zombie (Crypt:2)
  9 yaktaurs
  A red draconian zombie (Crypt:1)
  10 freezing wraiths
  An ice devil (Orc:2)
  2 tengu conjurers
  A tormentor (Depths:1)
  A spectral harpy (Crypt:3)
  A golden dragon simulacrum (Zot:1)
  5 guardian mummies (Zig:8)
  39 merfolk
  Grinder (D:5)
  7 trolls
  A polar bear (shapeshifter) (Elf:2)
  A hornet (shapeshifter) (Elf:1)
  8 hornets
  3 hellwings (Orc:2)
  3 merfolk (shapeshifter)
  4 tyrant leeches
  11 glass eyes
  10 blink frogs (Lair:5)
  2 polar bears
  A harpy skeleton (Crypt:1)
  8 snapping turtles
  A snapping turtle (shapeshifter) (WizLab)
  2 dream sheep (shapeshifter)
  9 wind drakes
  A glass eye (shapeshifter) (WizLab)
  6 dream sheep (Lair:4)
  A jumping spider (shapeshifter) (WizLab)
  A merfolk skeleton (Crypt:1)
  106 slime creatures
  2 culicivoras (shapeshifter) (WizLab)
  A black mamba zombie (Crypt:1)
  An air elemental (Zig:3)
  A centaur simulacrum (D:15)
  7 shadows
  53 yaks
  7 spriggans
  24 water elementals
  4 vampires
  8 wraiths
  A black mamba skeleton (Crypt:2)
  4 wyverns
  An elf (WizLab)
  3 fire elementals (Elf:1)
  21 humans
  4 hogs (Elf:1)
  3 basilisks
  3 wargs
  11 vampire mosquitoes
  A golden eye (shapeshifter) (Elf:1)
  12 golden eyes
  4 steam dragons
  2 redbacks (Vaults:1)
  3 redbacks (shapeshifter) (WizLab)
  An iron golem (WizLab)
  3 chaos spawn
  A death yak simulacrum (Lair:4)
  A purple draconian simulacrum (Zot:1)
  An acid dragon (D:10)
  A harpy simulacrum (Crypt:3)
  An acid dragon (shapeshifter) (Depths:1)
  21 nagas
  3 swamp worms (shapeshifter)
  15 water moccasins
  A black bear (Lair:4)
  An ice beast (D:8)
  A two-headed ogre skeleton (Crypt:2)
  A moth of wrath simulacrum (Zot:1)
  37 orc warriors
  32 laughing skulls
  A sky beast (D:6)
  20 small abominations
  A blink frog zombie (Crypt:1)
  17 ogres
  An ogre (shapeshifter) (WizLab)
  6 wolves (Lair:2)
  4 boggarts (Vaults:2)
  11 centaurs
  3 lemures
  A swamp dragon skeleton (Crypt:1)
  2 phantoms
  2 weeping skulls
  17 kobold brigands
  14 bullfrogs
  3 earth elementals
  A rime drake skeleton (Crypt:1)
  6 necrophages
  2 cane toad simulacra (Lair:4)
  A scorpion (D:4)
  4 burial acolytes (Crypt:3)
  16 wights
  11 killer bees
  2 lindwurm simulacra (IceCv)
  5 jellies
  5 electric eels
  2 howler monkeys (D:8)
  A lava snake (D:14)
  7 hounds
  8 komodo dragon simulacra (IceCv)
  30 orc priests
  5 bombardier beetles
  4 gnoll boudas
  Crazy Yiuf (D:2)
  3 sleepcaps
  Terence (D:2)
  6 hell rats (Lair:5)
  2 iguanas (D:5)
  Natasha (thrice) (D:2)
  22 orc wizards
  2 wolf simulacra (Lair:4)
  A boggart simulacrum (D:15)
  6 mummies (Zig:8)
  14 gnolls
  6 acid dragon simulacra (IceCv)
  12 adders
  2 river rats (Sewer)
  A shadow imp (D:6)
  A white imp (D:8)
  4 ufetubi
  5 steam dragon simulacra (IceCv)
  A dart slug (D:2)
  6 ribbon worms
  62 orcs
  6 ball pythons
  10 endoplasms
  5 giant cockroaches
  9 goblins
  18 hobgoblins
  3 jackals (D:2)
  30 kobolds
  6 quokkas
  5 bats
  2 frilled lizards (D:1)
  A goblin skeleton (Crypt:1)
  A goblin zombie (Crypt:2)
  10 rats
  A lurking horror (Abyss:5)
  A spectral weapon (Shoals:1)
  A starspawn tentacle (Abyss:3)
  14 tentacles
2674 creatures vanquished.

Vanquished Creatures (collateral kills)
  Tiamat (Zot:3)
  A Killer Klown (Zig:7)
  A golden dragon (Zot:1)
  Mlioglotl (Shoals:4)
  A storm dragon (Zot:3)
  An eleionoma (shapeshifter) (Zig:7)
  A bullfrog (D:7)
7 creatures vanquished.

Vanquished Creatures (others)
  A tentacled monstrosity (Vaults:5)
  A draconian annihilator (Zot:3)
  A stone giant (Depths:3)
  A white draconian (Zot:3)
  A deep elf high priest (Elf:3)
  An anaconda (Zig:7)
  A deep troll shaman (Depths:3)
  A deep elf knight (Elf:1)
  A naga ritualist (Snake:1)
  A deep elf zephyrmancer (Elf:1)
  A merfolk siren (Shoals:4)
  A black mamba (Snake:1)
  An orc (Elf:1)
  3 starspawn tentacles (Abyss:3)
  17 tentacles
33 creatures vanquished.

Grand Total: 2714 creatures vanquished

Notes
Turn   | Place    | Note
-------+----------+-------------------------------------------
     0 | D:1      | Vixxxy the Minotaur Fighter began the quest for the Orb.
     0 | D:1      | Reached XP level 1. HP: 19/19 MP: 0/0
   113 | D:1      | Reached XP level 2. HP: 27/27 MP: 1/1
   390 | D:1      | Reached XP level 3. HP: 27/33 MP: 2/2
   920 | D:2      | Found a faded altar of an unknown god.
   922 | D:2      | Noticed Natasha
   947 | D:2      | Killed Natasha
   948 | D:2      | Reached skill level 1 in Dodging
   948 | D:2      | Reached XP level 4. HP: 19/40 MP: 3/3
  1043 | D:2      | Identified the +0 whip "Uryvopn" {flame, rC+}
  1128 | D:2      | Noticed Natasha
  1136 | D:2      | Killed Natasha
  1137 | D:2      | Reached skill level 1 in Ranged Weapons
  1151 | D:2      | Noticed Natasha
  1154 | D:2      | Killed Natasha
  1155 | D:2      | Reached XP level 5. HP: 27/47 MP: 4/4
  1243 | D:2      | Noticed Terence
  1248 | D:2      | Killed Terence
  1255 | D:2      | Identified the +11 war axe "Death Rattle" {pain, rN+ Dex+3}
  1323 | D:2      | Found Baemozy's Magic Scroll Boutique.
  1413 | D:2      | Found a runed translucent door.
  1414 | D:2      | Noticed Crazy Yiuf
  1418 | D:2      | Killed Crazy Yiuf
  1844 | D:3      | Found a white marble altar of Elyvilon.
  1845 | D:3      | Found a shadowy altar of Dithmenos.
  2045 | D:3      | Found a burning altar of Makhleb.
  2220 | D:3      | Found a sparkling altar of Nemelex Xobeh.
  2492 | D:4      | Reached XP level 6. HP: 55/55 MP: 5/5
  2502 | D:4      | Reached skill level 5 in Fighting
  2573 | D:4      | Reached skill level 5 in Shields
  2637 | D:4      | Reached skill level 5 in Armour
  2637 | D:4      | Reached skill level 1 in Evocations
  3200 | D:5      | Entered Level 5 of the Dungeon
  3228 | D:5      | Reached XP level 7. HP: 61/61 MP: 6/6
  3248 | D:5      | Found a glowing drain.
  3299 | Sewer    | Entered a sewer
  3778 | Sewer    | Reached skill level 5 in Axes
  3997 | Sewer    | Reached XP level 8. HP: 66/70 MP: 7/7
  4673 | D:5      | Found Quiss's Weapon Emporium.
  4710 | D:5      | Noticed Grinder
  4721 | D:5      | Killed Grinder
  5015 | D:6      | Found Acekk's Assorted Antiques.
  5022 | D:6      | Bought a coiled brass ring for 130 gold pieces
  5022 | D:6      | Identified the ring of Gumediwk {Fire +Blink} (You bought
                  | it in a shop on level 6 of the Dungeon)
  5025 | D:6      | Found a staircase to the Ecumenical Temple.
  5046 | Temple   | Entered the Ecumenical Temple
  5057 | Temple   | Became a worshipper of Qazlal Stormbringer
  5071 | D:6      | Noticed Maggie
  5084 | D:6      | Killed Maggie
  5085 | D:6      | Reached skill level 1 in Invocations
  5085 | D:6      | Reached XP level 9. HP: 42/79 MP: 6/8
  5468 | D:6      | Found a shimmering blue altar of Sif Muna.
  6015 | D:6      | Reached * piety under Qazlal
  6256 | D:6      | Reached XP level 10. HP: 88/88 MP: 11/11
  7596 | D:7      | Noticed a two-headed ogre
  7610 | D:7      | Killed a two-headed ogre
  7866 | D:7      | Found a glowing silver altar of Zin.
  7917 | D:7      | Found the +0 toga "Victory" {*Victory Clar}
  7932 | D:7      | Reached ** piety under Qazlal
  8009 | D:7      | Found a radiant altar of Vehumet.
  8100 | D:7      | Found an ancient bone altar of Kikubaaqudgha.
  8346 | D:8      | Found Les Giph's Antique Weapon Boutique.
  8350 | D:8      | Found a staircase to the Lair.
  8378 | D:8      | Found a flagged portal.
  8387 | Bailey   | Entered a bailey
  8442 | Bailey   | Reached skill level 5 in Evocations
  8632 | Bailey   | Found an iron altar of Okawaru.
  9024 | D:8      | Reached skill level 5 in Ranged Weapons
  9096 | D:8      | Noticed a four-headed hydra
  9708 | D:8      | Reached skill level 5 in Dodging
  9722 | D:8      | Killed a four-headed hydra
  9723 | D:8      | Reached XP level 11. HP: 38/97 MP: 6/13
  9915 | D:8      | Noticed a two-headed ogre
  9924 | D:8      | Killed a two-headed ogre
 10318 | D:8      | Identified the staff "Badaen" {rElec rC+ Int+3 Air}
 10446 | D:8      | Reached *** piety under Qazlal
 10910 | D:9      | Found a staircase to the Orcish Mines.
 11025 | D:9      | Reached skill level 5 in Invocations
 11036 | D:9      | Noticed Pikel
 11180 | D:9      | Killed Pikel
 11203 | D:9      | Found a snail-covered altar of Cheibriados.
 11272 | D:9      | Found a hazy altar of Hepliaklqana.
 11509 | D:9      | Noticed Joseph
 11516 | D:9      | Killed Joseph
 11787 | D:10     | Entered Level 10 of the Dungeon
 12153 | D:10     | Reached **** piety under Qazlal
 12326 | D:10     | Found a sacrificial altar of Ru.
 12428 | D:11     | Noticed a boulder beetle
 12429 | D:11     | Noticed a white ugly thing
 12464 | D:11     | Killed a white ugly thing
 12482 | D:11     | Killed a boulder beetle
 12483 | D:11     | Reached skill level 10 in Fighting
 12855 | D:11     | Reached XP level 12. HP: 106/106 MP: 15/15
 12896 | D:11     | Noticed a two-headed ogre
 12902 | D:11     | Killed a two-headed ogre
 12903 | D:11     | Reached skill level 10 in Shields
 13003 | D:11     | Reached skill level 10 in Armour
 13351 | D:2      | Bought a scroll of blinking for 97 gold pieces
 13351 | D:2      | Bought a scroll of revelation for 97 gold pieces
 13351 | D:2      | Bought a scroll of acquirement for 676 gold pieces
 13428 | Lair:1   | Entered Level 1 of the Lair of Beasts
 13429 | Lair:1   | Acquired a manual of Axes
 13552 | Lair:1   | Noticed Fannar
 13582 | Lair:1   | Killed Fannar
 13583 | Lair:1   | Reached skill level 10 in Axes
 14588 | Lair:2   | Noticed a catoblepas
 14598 | Lair:2   | Killed a catoblepas
 14652 | Lair:2   | Found a staircase to the Snake Pit.
 14842 | Lair:2   | Found a staircase to the Shoals.
 15955 | Lair:3   | Found a transporter.
 15972 | Lair:3   | Found a gate leading to a gauntlet.
 15993 | Gauntlet | Entered a Gauntlet
 15993 | Gauntlet | Found a transporter.
 15997 | Gauntlet | Found a transporter.
 15999 | Gauntlet | Noticed a hell beast
 16019 | Gauntlet | Found a transporter.
 16020 | Gauntlet | Found a transporter.
 16025 | Gauntlet | Noticed an eight-headed hydra
 16043 | Gauntlet | Found a transporter.
 16053 | Gauntlet | Found a transporter.
 16055 | Gauntlet | Found the +3 pair of mountain boots {steadfast, rC+}
 16073 | Gauntlet | Found a transporter.
 16092 | Gauntlet | Found a transporter.
 16096 | Gauntlet | Found a transporter.
 16107 | Gauntlet | Found a transporter.
 16130 | Gauntlet | Found a transporter.
 16134 | Gauntlet | Found a transporter.
 16330 | Gauntlet | Killed a hell beast
 16560 | Gauntlet | Identified the amulet "Cuesomp" {RegenMP ^Drain Will++
                  | Dex+3 SInv}
 16620 | Gauntlet | Identified the +11 orcbow of the Enchanted Forest {freeze,
                  | *Corrode rC+ rN++ Dex+2}
 16620 | Gauntlet | Noticed a minotaur
 16635 | Gauntlet | Killed a minotaur
 16636 | Gauntlet | Reached XP level 13. HP: 74/116 MP: 11/17
 16644 | Gauntlet | Got Ganag's Atlas of Shadows and Substances
 16870 | Lair:3   | Noticed Sadonosm's ghost (journeyman DgSk)
 16888 | Lair:3   | Found a transporter.
 17627 | Lair:4   | Found a frozen archway.
 17644 | IceCv    | Entered an ice cave
 17690 | IceCv    | Reached ***** piety under Qazlal
 18525 | IceCv    | Got the Atlas of the Tundra
 19465 | Lair:4   | Found a transporter.
 19465 | Lair:4   | Found a transporter.
 19465 | Lair:4   | Noticed runemage's ghost (journeyman GnFi)
 20575 | Lair:5   | Entered Level 5 of the Lair of Beasts
 20935 | Lair:5   | Reached XP level 14. HP: 122/126 MP: 17/19
 21079 | Lair:5   | Reached ****** piety under Qazlal
 21140 | Lair:5   | Found a viscous altar of Jiyva.
 21142 | Lair:5   | Found a staircase to the Slime Pits.
 21958 | Lair:5   | Identified the maw talisman of Deoprece {Int-5 Dex+5}
 23872 | Orc:1    | Entered Level 1 of the Orcish Mines
 24297 | Orc:1    | Found Osoirr's Weapon Shoppe.
 24345 | Orc:2    | Entered Level 2 of the Orcish Mines
 24345 | Orc:2    | Found a staircase to the Elven Halls.
 24698 | Orc:2    | Found Tutzole's General Store.
 24706 | Orc:2    | Found Garief's General Store.
 24795 | Orc:2    | Reached skill level 15 in Axes
 24871 | Orc:2    | Paralysed by an orc sorcerer for 4 turns
 24873 | Orc:2    | Reached XP level 15. HP: 108/133 MP: 19/21
 25111 | Orc:2    | Found Pil Adyv's Antique Weapon Emporium.
 25111 | Orc:2    | Found Famawkoe's Book Shoppe.
 25112 | Orc:2    | Found a one-way gate leading to the halls of Pandemonium.
 25334 | Orc:2    | Found Teest's Weapon Shop.
 25876 | D:13     | Found the +3 pair of gauntlets of War {Slay+5}
 26498 | D:13     | Found a gate to the Vaults.
 26893 | D:14     | Reached skill level 10 in Invocations
 27692 | D:15     | Entered Level 15 of the Dungeon
 27996 | D:15     | Noticed Nessos
 28199 | D:15     | Reached skill level 10 in Evocations
 28381 | D:15     | Found a portal to a secret trove of treasure.
 29626 | D:15     | Found a staircase to the Depths.
 29926 | D:15     | Killed Nessos
 29959 | D:15     | Found Plog's General Store.
 30223 | D:15     | Bought a ring of poison resistance for 340 gold pieces
 30460 | Snake:1  | Entered Level 1 of the Snake Pit
 30489 | Snake:1  | Reached XP level 16. HP: 108/145 MP: 3/22
 31608 | Snake:2  | Found Ryihy's Jewellery Shoppe.
 31608 | Snake:2  | Found Ohiguup's Assorted Antiques.
 31822 | Snake:2  | Bought a scroll of teleportation for 114 gold pieces
 31826 | Snake:2  | Found Oqiren's Distillery.
 31835 | Snake:2  | Bought a potion of curing for 42 gold pieces
 31835 | Snake:2  | Bought a potion of heal wounds for 70 gold pieces
 31835 | Snake:2  | Bought a potion of haste for 140 gold pieces
 31835 | Snake:2  | Bought a potion of curing for 42 gold pieces
 32694 | Snake:2  | Reached skill level 10 in Dodging
 33639 | Snake:3  | Reached XP level 17. HP: 154/154 MP: 24/24
 34310 | Snake:3  | Reached skill level 10 in Ranged Weapons
 34465 | Snake:4  | Entered Level 4 of the Snake Pit
 34473 | Snake:4  | Reached skill level 15 in Shields
 35212 | Snake:3  | Reached skill level 15 in Fighting
 35508 | Snake:4  | Reached skill level 15 in Armour
 35885 | Snake:4  | Found Ygaarot's Armour Shoppe.
 36733 | Snake:4  | Found Myirua's Jewellery Emporium.
 38095 | Snake:4  | Got a serpentine rune of Zot
 38388 | Shoals:1 | Entered Level 1 of the Shoals
 38392 | Shoals:1 | Noticed a kraken
 38670 | Shoals:1 | Killed a kraken
 40812 | Shoals:2 | Reached XP level 18. HP: 137/166 MP: 26/26
 42225 | Shoals:3 | Noticed Ilsuiw
 42406 | Shoals:3 | Killed Ilsuiw
 43101 | Shoals:3 | Identified the +7 plate armour of Trumpets {Int+3 Slay+5}
 43351 | Shoals:4 | Entered Level 4 of the Shoals
 43357 | Shoals:4 | Noticed Nikola
 43634 | Shoals:3 | Killed Nikola
 44052 | Shoals:4 | Identified the ring of Goada {Fly rPois rF- Int+6}
 44479 | Shoals:4 | Noticed Mlioglotl
 44488 | Shoals:4 | Killed Mlioglotl
 44608 | Shoals:4 | Noticed Bai Suzhen
 45701 | Shoals:4 | Killed Bai Suzhen
 46340 | Shoals:4 | Found Wapejur's Self-Improvement Boutique.
 46679 | Shoals:4 | Got a barnacled rune of Zot
 46681 | Shoals:4 | Got an azure gem with 0 turns to spare
 47123 | Vaults:1 | Entered Level 1 of the Vaults
 47377 | Vaults:1 | Noticed Zenata
 48455 | Vaults:1 | Killed Zenata
 48456 | Vaults:1 | Reached XP level 19. HP: 109/173 MP: 15/27
 49086 | Vaults:1 | Paralysed by a formless jellyfish for 1 turns
 49498 | Vaults:1 | Identified the +11 chain mail of Amisitub {Dex+4}
 50098 | Vaults:2 | Noticed Sojobo
 50099 | Vaults:2 | Noticed Xtahua
 50110 | Vaults:1 | Killed Sojobo
 50429 | Vaults:2 | Killed Xtahua
 51440 | Vaults:2 | Found Keuseunk's Antique Weapon Shoppe.
 52213 | Vaults:3 | Found Juih's Armour Boutique.
 52291 | Vaults:3 | Found an ancient bone altar of Kikubaaqudgha.
 52293 | Vaults:3 | Found a staircase to the Crypt.
 52299 | Vaults:3 | Found a basalt altar of Yredelemnul.
 53017 | Vaults:3 | Reached XP level 20. HP: 177/184 MP: 29/29
 55317 | Elf:1    | Entered Level 1 of the Elven Halls
 55341 | Elf:1    | Noticed Kirke
 55350 | Elf:1    | Killed Kirke
 55754 | Elf:1    | Got the Lectures on Intoxication
 56705 | Elf:2    | Found a shimmering blue altar of Sif Muna.
 56818 | Elf:2    | Found a runed translucent gate.
 56819 | Elf:2    | Found a runed translucent gate.
 56819 | Elf:2    | Found a runed translucent gate.
 57435 | Elf:3    | Entered Level 3 of the Elven Halls
 57857 | Elf:3    | Reached XP level 21. HP: 96/184 MP: 30/30
 59155 | Elf:3    | Got Roschuk's Book of the Charged Grave
 59160 | Elf:3    | Got Sif Muna's Catalogue of Chilblains and the Tropics
 59176 | Elf:3    | Identified the staff "Undertaker" {rF- Int+2 Stlth+ Fire
                  | Earth}
 59271 | Elf:3    | Got the Anthology of Stoicism
 59614 | Depths:1 | Entered Level 1 of the Depths
 60095 | Depths:1 | Found a magical portal.
 60108 | WizLab   | Entered Cigotuvi's Fleshworks
 60575 | WizLab   | Identified the ring "Dyqimah" {Fly rElec rF+ Stlth-}
 61056 | WizLab   | Got Cigotuvi's Secrets of Bloody Transmogrification
 61121 | WizLab   | Identified the serpent talisman of Ijau {rN+}
 61128 | WizLab   | Identified the maw talisman of Boxzor {*Corrode rElec
                  | Str+4}
 61190 | WizLab   | Reached skill level 15 in Invocations
 61800 | Depths:1 | Noticed Saint Roka
 62455 | Depths:1 | Killed Saint Roka
 62613 | Depths:1 | Found a one-way gateway to a ziggurat.
 62738 | Depths:1 | Identified the +6 dire flail of Nyxtuvol {drain, rPois
                  | Will- Dex+5 Stlth+}
 62738 | Depths:1 | Identified the amulet of Plog {Faith rC+ Dex+3}
 63057 | Depths:1 | Found the +2 hood of the Assassin {Detect Stab+ Stlth++}
 63058 | Depths:1 | Found a shadowy altar of Dithmenos.
 63234 | Depths:1 | Found a one-way gate to the infinite horrors of the Abyss.
 63257 | Depths:1 | Found a gateway to Hell.
 63515 | Depths:2 | Reached XP level 22. HP: 176/205 MP: 32/32
 63583 | Depths:2 | Acquired a +2 hat
 63660 | Depths:2 | Identified the serpent talisman of the Untouchables {rF+
                  | MP+9 Str-5 Int+5}
 64224 | Depths:2 | Identified the +0 robe of the Feeding Gods {Rampage rC-
                  | Int+9 SInv}
 64274 | Depths:2 | Identified the +6 scale mail of Patterns {Dex+2}
 64365 | Depths:2 | Found a blossoming altar of Fedhas.
 64397 | Depths:2 | Noticed a juggernaut
 64411 | Depths:2 | Killed a juggernaut
 64578 | Depths:2 | Noticed a golden dragon
 64591 | Depths:2 | Killed a golden dragon
 65229 | Depths:2 | Identified the ring of Relativism {rC+ SInv}
 65237 | Depths:2 | Noticed a golden dragon
 65244 | Depths:2 | Killed a golden dragon
 65694 | Depths:3 | Noticed Norris
 65856 | Depths:3 | Killed Norris
 65952 | Depths:3 | Identified the ring of the Bellicose God {rF+ rN+ Will+
                  | Str-5 Dex+2}
 66217 | Depths:3 | Found a broken altar of Ashenzari.
 66231 | Depths:3 | Identified the ring of Asuhi {rElec rPois rF+ rCorr}
 66334 | Depths:3 | Reached skill level 15 in Evocations
 67168 | Depths:3 | Reached XP level 23. HP: 215/215 MP: 34/34
 67509 | Depths:3 | Noticed a juggernaut
 67523 | Depths:3 | Killed a juggernaut
 67579 | Depths:3 | Identified the +5 spear of Compound Interest {freeze, rElec
                  | Dex+4}
 67581 | Depths:3 | Identified the +5 shortbow "Ximeisobu" {antimagic, Dex+5}
 67585 | Depths:3 | Identified the +7 dagger of Hospitality {antimagic, rC- rN+
                  | Int+5}
 67685 | Depths:4 | Entered Level 4 of the Depths
 67801 | Depths:4 | Reached skill level 15 in Dodging
 67848 | Depths:4 | Noticed a juggernaut
 67862 | Depths:4 | Killed a juggernaut
 68252 | Depths:4 | Found a gate to the Realm of Zot.
 68425 | Depths:4 | Noticed a caustic shrike
 68426 | Depths:4 | Noticed a caustic shrike
 68426 | Depths:4 | Noticed a caustic shrike
 68427 | Depths:4 | Noticed a caustic shrike
 68429 | Depths:4 | Noticed a caustic shrike
 68439 | Depths:3 | Killed a caustic shrike
 68442 | Depths:3 | Killed a caustic shrike
 68442 | Depths:3 | Killed a caustic shrike
 68579 | Depths:3 | Killed a caustic shrike
 68579 | Depths:3 | Killed a caustic shrike
 68883 | Depths:4 | Found a corrupted altar of Lugonu.
 69512 | Vaults:5 | Entered Level 5 of the Vaults
 69815 | Vaults:5 | Noticed an ancient lich
 70085 | Vaults:5 | Killed an ancient lich
 70698 | Vaults:5 | Identified the +4 great sword "Masix" {pain, Str+3}
 70699 | Vaults:5 | Identified the +0 chain mail of the Stonemason {rC+ Dex+4
                  | Stlth+}
 70705 | Vaults:5 | Identified the ring of Finality {rF+ Str+5 Int+6}
 70761 | Vaults:5 | Identified the ring of Stoicism {Fly Str+6}
 70774 | Vaults:5 | Reached XP level 24. HP: 217/226 MP: 34/34
 70793 | Vaults:5 | Noticed an ancient lich
 70804 | Vaults:5 | Killed an ancient lich
 71117 | Vaults:5 | Identified the ring "Qukoups" {*Corrode rPois rC+ Str+3
                  | Dex+4}
 71143 | Vaults:5 | Identified the +8 shortbow of Afeilumy {freeze, rF++ rC+
                  | MP+9}
 71250 | Vaults:5 | Noticed an ancient lich
 71267 | Vaults:5 | Killed an ancient lich
 71322 | Vaults:5 | Identified the +4 scimitar "Undertaker" {vamp, rPois Str+4
                  | Int+2}
 71327 | Vaults:5 | Identified the +0 crystal plate armour "Buck" {-Cast rF+
                  | rN++}
 71526 | Vaults:5 | Got a silver rune of Zot
 71536 | Vaults:5 | Identified the +4 crystal plate armour of Quiescent
                  | Curiosity {+Blink}
 72343 | Slime:1  | Entered Level 1 of the Pits of Slime
 72374 | Slime:1  | Gained mutation: Your body sometimes deteriorates upon
                  | taking damage. [a shining eye]
 72391 | Slime:1  | Gained mutation: Your body often deteriorates upon taking
                  | damage. [a shining eye]
 72396 | Slime:1  | Gained mutation: You are vulnerable to cold. (rC-) [a
                  | shining eye]
 72579 | Slime:1  | Lost mutation: You are vulnerable to cold. (rC-) [potion of
                  | mutation]
 72579 | Slime:1  | Lost mutation: Your body often deteriorates upon taking
                  | damage. [potion of mutation]
 72579 | Slime:1  | Lost mutation: Your body sometimes deteriorates upon taking
                  | damage. [potion of mutation]
 72579 | Slime:1  | Gained mutation: You are robust. (+10% HP) [potion of
                  | mutation]
 72579 | Slime:1  | Lost mutation: You are robust. (+10% HP) [potion of
                  | mutation]
 72579 | Slime:1  | Gained mutation: You occasionally lose the ability to drink
                  | potions when taking damage. [potion of mutation]
 73326 | Slime:3  | Gained mutation: Your health recovers twice as slowly from
                  | being drained. [a shining eye]
 73330 | Slime:3  | Gained mutation: You are vulnerable to cold. (rC-) [a
                  | shining eye]
 73344 | Slime:3  | Gained mutation: Your body sometimes deteriorates upon
                  | taking damage. [a shining eye]
 73348 | Slime:3  | Lost mutation: You occasionally lose the ability to drink
                  | potions when taking damage. [potion of mutation]
 73348 | Slime:3  | Lost mutation: Your body sometimes deteriorates upon taking
                  | damage. [potion of mutation]
 73348 | Slime:3  | Lost mutation: Your health recovers twice as slowly from
                  | being drained. [potion of mutation]
 73348 | Slime:3  | Gained mutation: You are occasionally teleported next to
                  | monsters. [potion of mutation]
 73348 | Slime:3  | Gained mutation: Armour fits poorly on your strangely
                  | shaped body. [potion of mutation]
 73348 | Slime:3  | Gained mutation: Your spells are a little easier to cast,
                  | but a little less powerful. [potion of mutation]
 73349 | Slime:3  | Lost mutation: Armour fits poorly on your strangely shaped
                  | body. [potion of mutation]
 73349 | Slime:3  | Lost mutation: Your spells are a little easier to cast, but
                  | a little less powerful. [potion of mutation]
 73349 | Slime:3  | Lost mutation: You are vulnerable to cold. (rC-) [potion of
                  | mutation]
 73349 | Slime:3  | Gained mutation: You passively map a small area around you.
                  | [potion of mutation]
 73349 | Slime:3  | Gained mutation: Your mind is acute. (Int +4, Str/Dex -1)
                  | [potion of mutation]
 74270 | Slime:5  | Entered Level 5 of the Pits of Slime
 74322 | Slime:5  | Gained mutation: You occasionally lose the ability to drink
                  | potions when taking damage. [a shining eye]
 74325 | Slime:5  | Lost mutation: You are occasionally teleported next to
                  | monsters. [potion of mutation]
 74325 | Slime:5  | Lost mutation: You passively map a small area around you.
                  | [potion of mutation]
 74325 | Slime:5  | Gained mutation: You are partially covered in iridescent
                  | scales. (AC +2) [potion of mutation]
 74325 | Slime:5  | Gained mutation: A frigid envelope surrounds you and
                  | freezes all who hurt you. [potion of mutation]
 74396 | Slime:5  | Noticed the Royal Jelly
 74408 | Slime:5  | Killed the Royal Jelly
 74746 | Slime:5  | Gained mutation: Armour fits poorly on your strangely
                  | shaped body. [a shining eye]
 74756 | Slime:5  | Lost mutation: A frigid envelope surrounds you and freezes
                  | all who hurt you. [potion of mutation]
 74756 | Slime:5  | Lost mutation: Your mind is acute. (Int +4, Str/Dex -1)
                  | [potion of mutation]
 74756 | Slime:5  | Lost mutation: You occasionally lose the ability to drink
                  | potions when taking damage. [potion of mutation]
 74756 | Slime:5  | Gained mutation: You occasionally shout uncontrollably at
                  | your foes. [potion of mutation]
 74756 | Slime:5  | Gained mutation: You are weak. (Str -2) [potion of
                  | mutation]
 74757 | Slime:5  | Lost mutation: Armour fits poorly on your strangely shaped
                  | body. [potion of mutation]
 74757 | Slime:5  | Lost mutation: You occasionally shout uncontrollably at
                  | your foes. [potion of mutation]
 74757 | Slime:5  | Gained mutation: Your spells are a little easier to cast,
                  | but a little less powerful. [potion of mutation]
 74757 | Slime:5  | Gained mutation: You are agile. (Dex +4, Str/Int -1)
                  | [potion of mutation]
 74840 | Slime:5  | Got the Meditations on Calefaction
 74860 | Slime:5  | Identified the ring "Uroseag" {rPois rN+ Will+ Dex-5}
 74877 | Slime:5  | Identified the amulet "Unoagh" {Acrobat Dex+3}
 74935 | Slime:5  | Acquired a manual of Fighting
 74940 | Slime:5  | Identified the ring of Zaynoh {rElec rCorr Int+4}
 74975 | Slime:5  | Identified the staff of Tank {rC+ Str+4 Earth}
 74985 | Slime:5  | Got a slimy rune of Zot
 74992 | Slime:5  | Got the Papyrus of the Deathly Tektite
 76002 | Lair:3   | Killed Sadonosm's ghost
 76113 | Lair:4   | Killed runemage's ghost
 76686 | Crypt:1  | Entered Level 1 of the Crypt
 76751 | Crypt:1  | Reached XP level 25. HP: 236/236 MP: 35/35
 77819 | Crypt:1  | Reached skill level 15 in Ranged Weapons
 77912 | Crypt:1  | Got the Tome of the Dead
 78322 | Crypt:2  | Noticed Grunn
 78531 | Crypt:2  | Killed Grunn
 79031 | Crypt:3  | Entered Level 3 of the Crypt
 79386 | Crypt:3  | Found an ancient bone altar of Kikubaaqudgha.
 79701 | Crypt:3  | Found a staircase to the Tomb.
 79702 | Crypt:3  | Noticed a dread lich
 79703 | Crypt:3  | Found the +13 scythe of Curses {drain, curses, ^Drain}
 79710 | Crypt:3  | Killed a dread lich
 80140 | Crypt:3  | Got the Elucidation of Fever
 80142 | Crypt:3  | Got the Precepts of the Pyromaniac
 80824 | Zig:1    | Entered Level 1 of a ziggurat
 80856 | Zig:1    | Identified the +1 buckler "Udiudd" {^Drain rPois Int+6
                  | Dex+3}
 80876 | Zig:2    | Entered Level 2 of a ziggurat
 81051 | Zig:3    | Entered Level 3 of a ziggurat
 81053 | Zig:3    | Paralysed by an air elemental for 1 turns
 81292 | Zig:3    | Identified the +1 mace of the Histrionic God {freeze, rElec
                  | Str+3 Dex+2}
 81320 | Zig:4    | Entered Level 4 of a ziggurat
 81465 | Zig:5    | Entered Level 5 of a ziggurat
 81609 | Zig:5    | Identified the staff of Green Fortitude {rC+ Will- Str-2
                  | Summ Tloc Ice}
 81712 | Zig:6    | Entered Level 6 of a ziggurat
 81793 | Zig:6    | Identified the +0 shadow dragon scales "Okuss" {+Inv rF-
                  | Int+4 Stlth++++}
 81908 | Zig:7    | Entered Level 7 of a ziggurat
 81912 | Zig:7    | Noticed a Killer Klown
 81919 | Zig:7    | Killed a Killer Klown
 81929 | Zig:7    | Found the +7 Spriggan's Knife {stab, EV+4 Stlth+}
 81945 | Zig:7    | Identified the staff of Ylominn {rN+ Will- Conj Ice}
 81953 | Zig:7    | Identified the +11 rapier "Wiunk" {holy, rElec Int+2}
 82406 | Zig:8    | Entered Level 8 of a ziggurat
 82417 | Zig:8    | Found the +6 arbalest "Damnation" {damnation}
 82703 | Zot:1    | Entered Level 1 of the Realm of Zot
 82766 | Zot:1    | Reached XP level 26. HP: 250/251 MP: 35/35
 82985 | Zot:1    | Identified the staff of Togosemizae {rC+ SInv Ice}
 82985 | Zot:1    | Identified the ring of Owka {Ice rPois Str+3}
 82985 | Zot:1    | Noticed Josephina
 82997 | Zot:1    | Killed Josephina
 83080 | Abyss:3  | Cast into level 3 of the Abyss (black draconian knight)
 83087 | Abyss:3  | Found a corrupted altar of Lugonu.
 83087 | Abyss:3  | Found a corrupted altar of Lugonu.
 83090 | Abyss:3  | Got an abyssal rune of Zot
 83101 | Abyss:5  | Found a corrupted altar of Lugonu.
 83153 | Zot:1    | Escaped the Abyss
 84280 | Zot:1    | Noticed Parghit
 84632 | Zot:1    | Killed Parghit
 85038 | Zot:1    | Found a blossoming altar of Fedhas.
 86599 | Zot:3    | Found a white marble altar of Elyvilon.
 86627 | Zot:3    | Found the +4 dragonskin cloak
 86627 | Zot:3    | Noticed Tiamat
 87387 | Zot:3    | Killed Tiamat
 87694 | Zot:3    | Found a glowing golden altar of the Shining One.
 87694 | Zot:3    | Found a glowing silver altar of Zin.
 87755 | Zot:3    | Noticed an orb of fire
 87771 | Zot:3    | Killed an orb of fire
 90568 | Zot:4    | Reached XP level 27. HP: 264/264 MP: 36/36
 90571 | Zot:4    | Identified the +0 dagger "Huevin" {flame, +Blink rC++}
 90724 | Zot:5    | Entered Level 5 of the Realm of Zot
 91367 | Zot:5    | Noticed an ancient lich
 91368 | Zot:5    | Noticed an orb of fire
 91380 | Zot:5    | Gained mutation: You possess an exceptional clarity of
                  | mind. [an orb of fire]
 91381 | Zot:5    | Noticed an orb of fire
 91382 | Zot:5    | Killed an ancient lich
 91383 | Zot:5    | Noticed a dread lich
 91383 | Zot:5    | Noticed an ancient lich
 91383 | Zot:5    | Noticed an ancient lich
 91395 | Zot:5    | Killed an orb of fire
 91414 | Zot:5    | Noticed a dread lich
 91422 | Zot:5    | Killed an orb of fire
 91441 | Zot:4    | Killed an ancient lich
 91558 | Zot:4    | Killed an ancient lich
 91569 | Zot:4    | Killed a dread lich
 91673 | Zot:5    | Noticed an ancient lich
 91799 | Zot:4    | Killed a dread lich
 92101 | Zot:5    | Killed an ancient lich
 92884 | Zot:5    | Noticed a dread lich
 92902 | Zot:4    | Killed a dread lich
 94295 | Zot:5    | Got the Orb of Zot
 94798 | D:13     | Noticed Cyutiuwe the pandemonium lord
 94798 | D:13     | Noticed an ancient lich
 95047 | D:$      | Escaped with the Orb!

Illustrated notes

Levels and vault maps discovered:
D:1:      wander_arrival_lonely_grave, layout_loops_ring
D:2:      layout_loops_ring, hellmonk_ecumenical_altar_blasted, serial_shops,
          shop, uniq_crazy_yiuf_cottage, uniq_terence, uniq_natasha
D:3:      layout_loops_cross, nemelex_diamond_rough_becter,
          mainiacjoe_overflow_six_doors_small,
          chequers_temple_overflow_statue_of_worship
D:4:      layout_gridville
D:5:      layout_loops_ring, gup_sewer_entry_glass, serial_shops,
          nicolae_shop_behind_doors, uniq_grinder
D:6:      kennysheep_housing_project, layout_gridville,
          mainiacjoe_overflow_boulevard, minmay_temple_entry_tees,
          nicolae_stop_n_shop_2, uniq_maggie
D:7:      layout_rooms, nicolae_overflow_crystal_walls,
          mainiacjoe_overflow_alcove_2, mainiacjoe_overflow_alcove_1
D:8:      minmay_the_grid_octo_triangle [minmay_the_grid_octo_checkerflower,
          minmay_the_grid_octo_prize_ultimate_mussel_roller,
          minmay_the_grid_octo_fan_narrow], layout_cave_pods, lair_entry_dummy,
          enter_bailey_7, serial_shops, nicolae_shop_behind_doors
D:9:      layout_basic, nicolae_hepliaklqana_hazy_memory, amcnicky_altar_gilded,
          orc_0_dummy, uniq_joseph, uniq_pikel
D:10:     layout_rooms, general_overflow_altar
D:11:     layout_basic, abandoned_shop
D:12:     layout_rooms, chequers_mini_garden
D:13:     layout_basic, grunt_vaults_entry_tiered
D:14:     lemuel_ice_spiral_2, layout_irregular_city, kennysheep_flooded_box
D:15:     gammafunk_depths_entry_grave, layout_rooms, serial_shops, shop,
          enter_trove_1, hangedman_decor_slide_cut, uniq_nessos
Temple:   bh_familiar_temple
Lair:1:   layout_gridlike, uniq_fannar
Lair:2:   layout_cave_pods, elwin_shoals_entry_stream, dummy_snake_entry,
          grunt_megastairs_5, infiniplex_staircase_pool
Lair:3:   layout_small_grid, gauntlet_entry_generic, gammafunk_ghost_arena,
          beast_lair_carwin_7, infiniplex_staircase_pool_2
Lair:4:   layout_roguey, gammafunk_ghost_arena,
          portal_ice_cave_entry_ice_simulacra, minmay_lindwurm_lava
Lair:5:   minmay_lair_end_frog_pond, layout_big_grid, slime_entry_2
Shoals:1: layout_shoals, nicolae_shoals_kraken_intersection
Shoals:2: layout_shoals, nicolae_shoals_drake_roost
Shoals:3: layout_shoals, uniq_ilsuiw
Shoals:4: shoals_end_simple, layout_shoals, shoals_ilsuiw_ice,
          nicolae_shop_self_help, uniq_mlioglotl, uniq_bai_suzhen, uniq_nikola
Snake:1:  layout_cave_shapes, grunt_megastairs_3
Snake:2:  layout_chambers, serial_shops, nicolae_shop_just_a_little_nook,
          nicolae_snake_boneroom, minmay_shoptagon, serial_bayou_shore_a
Snake:3:  layout_rooms
Snake:4:  snake_pit, layout_cave_town, serial_shops, shop_fountains,
          serial_bayou_crossing, grunt_megastairs_1, minmay_shop_star
Slime:1:  layout_caves
Slime:2:  layout_caves
Slime:3:  layout_caves
Slime:4:  layout_caves
Slime:5:  slime_pit_nicolae_block_by_block
Orc:1:    layout_diamond_mine, serial_shops, shop
Orc:2:    pf_orc_diabolical, layout_caves, serial_shops, shop
Elf:1:    layout_geoelf_octagon, nicolae_elf_shapeshifter_party, uniq_kirke
Elf:2:    nicolae_elf_blades_crystal_corner, layout_gridlike, basic_altar
Elf:3:    minmay_elf_hall_not_hex, layout_loops_corners,
          statue_in_the_mist_lemuel, grunt_megastairs_4
Vaults:1: nicolae_vaults_steering_wheel, ontoclasm_vaults_shout,
          nicolae_vaults_closet_pinwheel_1, v_misc_4, v_misc_16,
          grunt_vaults_twisty, nicolae_vaults_six-pack, layout_vaults_quadrants,
          uniq_zenata
Vaults:2: nicolae_vaults_trapezoid_lopsided_2, nicolae_vaults_closet_pinwheel_2,
          nicolae_vaults_big_angled_halls, nicolae_vaults_offset_grid_hallway_1,
          layout_vaults_chaotic_city, serial_shops, nicolae_shop_hallway_stairs,
          uniq_sojobo, uniq_xtahua
Vaults:3: minmay_crypt_entry_necro_gods,
          nicolae_vaults_taking_the_gang_shopping,
          nicolae_vaults_library_corner, v_misc_23, nicolae_vaults_little_ls,
          vaults_room_stairs_pillars, nicolae_vaults_little_squares_5,
          vaults_dpeg_cross, hangedman_vaults_locks, ontoclasm_vaults_idyll,
          hangedman_vaults_restitches, nicolae_vaults_alarming,
          nicolae_vaults_ring_of_whatevers, nicolae_vaults_trapezoid_1,
          hangedman_vaults_cutoff, nicolae_vaults_angled_halls,
          vaults_room_semicircle, layout_vaults_maze
Vaults:4: vaults_mumra_hexcomb, nicolae_vaults_double_plus_2,
          hangedman_vaults_capsules, v_misc_27, vaults_mumra_chevron_long,
          nicolae_vaults_apartment_1, nicolae_vaults_tangram_1,
          vaults_dpeg_diagonal, nicolae_vaults_closet_pinwheel_2,
          nicolae_vaults_layer_cake_slice, nicolae_vaults_wine_cellar,
          vaults_room_corners, vaults_dpeg_encased_lava, layout_vaults_ring
Vaults:5: serial_shops
Crypt:1:  layout_catacombs, special_room [special_room_morgue],
          nicolae_crypt_cryptocurrency, minmay_strange_pillars
Crypt:2:  layout_rooms, uniq_grunn
Crypt:3:  grunt_crypt_end_deaths_head
Depths:1: regret_index_dithmenos_brocken_genspenst, layout_cave_pools,
          enter_ziggurat_b, abyss_entry_small_statue_room, mu_enter_wizlab_6,
          pf_coc_iceberg, minmay_strange_pillars, grunt_decor_clamped,
          uniq_saint_roka
Depths:2: lemuel_traditional_vault, layout_cave_shapes, hellmouth_1, pan_entry,
          fedhas_altar_1, infiniplex_staircase_zigzag_4
Depths:3: giant_chief_lemuel, layout_cave_shapes, minmay_room_of_horrors,
          pan_entry, hell_entry, nicolae_ashenzari_skybound, uniq_margery,
          uniq_norris
Depths:4: grunt_zot_entry_gee_three, layout_cave_pools, abyss_entry_flame_altar,
          hangedman_geh_valley
Zot:1:    layout_twisted_circle, regret_index_zotdec_decaying_basic,
          uniq_parghit, uniq_josephina
Zot:2:    layout_gridlike, regret_index_zotdec_decaying_vile,
          guppyfry_library_mini, regret_index_zotdec_twisting_globes
Zot:3:    layout_twisted_circle, regret_index_zotdec_alabaster_prism,
          uniq_tiamat
Zot:4:    layout_misc_corridors
Zot:5:    layout_gridlike

Skill      XL: |  1  2  3  4  5  6  7  8  9 10 11 12 13 14 15 16 17 18 19 20 21 22 23 24 25 26 27 |
---------------+----------------------------------------------------------------------------------+-----
Fighting       | 4 5 6 7 8 9 10 11 12 13 14 15 16 17 18 19 20 21 23 24 25 | 25.8
Armour         | 4 5 6 7 8 9 10 11 12 13 14 15 16 17 18 19 20 21 23 24 25 | 25.4
Axes           | 3 4 5 6 7 8 9 11 13 15 16 18 19 20 21 22 23 24 25 | 25.5
Shields        | 4 5 6 7 8 9 11 12 13 14 15 16 17 18 19 20 21 22 23 | 23.7
Dodging        | 1 2 3 4 5 6 7 8 9 10 11 12 13 14 15 16 18 19 | 19.6
Ranged Weapons | 1 2 3 4 5 6 7 8 9 10 11 12 13 14 15 16 | 16.6
Evocations     | 1 2 3 4 5 6 7 8 9 10 11 12 13 14 15 16 17 18 | 18.4
Invocations    | 1 3 4 5 7 8 9 10 11 12 13 14 15 16 18 19 20 21 | 21.3

Action                     |  1- 3 |  4- 6 |  7- 9 | 10-12 | 13-15 | 16-18 | 19-21 | 22-24 | 25-27 || total
---------------------------+-------+-------+-------+-------+-------+-------+-------+-------+-------++-------
  Melee: War axe           |    83 |   106 |   268 |   467 |   878 |  1164 |  1236 |  1231 |  1890 ||  7323
         Headbutt          |    13 |     5 |    69 |    93 |   245 |   343 |   395 |   472 |   777 ||  2412
         Whip              |       |       |       |       |    39 |       |       |       |       ||    39
   Fire: Sling             |     2 |       |       |    19 |   156 |   185 |    15 |    75 |       ||   452
         Hand cannon       |       |       |       |       |       |       |       |    25 |    25 ||    50
 Invoke: Upheaval          |       |       |       |     1 |       |       |       |       |       ||     1
         Elemental Force   |       |       |       |       |       |       |       |       |     1 ||     1
  Evoke: Wand              |       |       |       |     4 |       |     9 |    12 |       |    27 ||    52
         Lightning rod     |       |       |       |     3 |     2 |     7 |       |       |     2 ||    14
         Sack of spiders   |       |       |       |     1 |     1 |     1 |       |       |     2 ||     5
         Phantom mirror    |       |       |       |       |     1 |     1 |     1 |       |     2 ||     5
    Use: Scroll            |       |       |     7 |    28 |    10 |     5 |     3 |     8 |    13 ||    74
         Potion            |       |       |       |     1 |     3 |     4 |     2 |     8 |     8 ||    26
   Stab: Petrified         |       |       |       |       |     6 |       |       |       |       ||     6
         Petrifying        |       |       |       |       |     1 |       |       |       |       ||     1
         Invisible         |       |       |       |       |       |       |     2 |       |     1 ||     3
 Armour: Scale mail        |    61 |    25 |       |       |       |       |       |       |       ||    86
         Chain mail        |       |    58 |   144 |   411 |       |       |       |       |       ||   613
         Plate armour      |       |       |       |       |   581 |   568 |   473 |   604 |       ||  2226
         Crystal plate arm |       |       |       |       |       |       |       |    19 |   727 ||   746
  Dodge: Dodged            |    29 |    25 |    75 |   160 |   258 |   522 |   396 |   456 |   450 ||  2371
         Repelled          |       |       |       |     2 |     4 |    31 |    18 |    26 |    59 ||   140
  Block: Kite shield       |    40 |    67 |   111 |   580 |  1165 |  1757 |  1393 |   988 |       ||  6101
         Buckler           |     2 |       |       |       |       |       |       |       |       ||     2
         Tower shield      |       |       |       |       |       |       |       |   558 |  2956 ||  3514
